 Dungeon Crawl Stone Soup version 0.27-a0-1381-g81fdcbfb23 (webtiles) character file.

Game seed: 9262157748817651328

784 Kinoniko the Cleaver (level 7, 0/85 HPs)
             Began as a Minotaur Berserker on June 30, 2021.
             Was a Priest of Trog.
             Succumbed to a kobold brigand's poison
             ... on level 5 of the Dungeon.
             The game lasted 00:03:35 (3268 turns).

Kinoniko the Cleaver (Minotaur Berserker)           Turns: 3268, Time: 00:03:35

Health: 0/85       AC: -7    Str: 22    XL:     7   Next: 55%
Magic:  6/6        EV: 10    Int:  6    God:    Trog [***...]
Gold:   155        SH:  0    Dex:  9    Spells: 6/6 levels left

rFire    . . .     SeeInvis .   h - +0 war axe
rCold    . . .     Faith    .   (no shield)
rNeg     . . .     Spirit   .   f - +1 scale mail
rPois    .         Reflect  .   (helmet restricted)
rElec    .         Harm     .   (no cloak)
rCorr    .         Rampage  .   (no gloves)
Will     .....                  g - +0 pair of boots
Stlth    ..........             (no amulet)
HPRegen  0.24/turn              (no ring)
MPRegen  0.10/turn              (no ring)

@: berserking (expiring), lethally poisoned (0 -> -2), corroded, very quick
A: horns 2, retaliatory headbutt
a: Renounce Religion, Berserk, Trog's Hand


You were on level 5 of the Dungeon.
You worshipped Trog.
Trog was most pleased with you.
You visited 1 branch of the dungeon, and saw 5 of its levels.

You collected 155 gold pieces.

Inventory:

Hand Weapons
 a - a +0 hand axe
 h - a +0 war axe (weapon)
Armour
 f - a +1 scale mail (worn)
 g - a +0 pair of boots (worn)
Jewellery
 e - an amulet of guardian spirit
 m - an amulet of faith
Scrolls
 j - 2 scrolls of fog
Potions
 b - a potion of ambrosia {unknown}
 c - a potion of flight {unknown}
 d - 2 potions of lignification {unknown}
 i - a potion of haste {unknown}
 k - a potion of mutation {unknown}
 l - 2 potions of curing {unknown}
 n - a potion of attraction {unknown}


   Skills:
 - Level 3.6 Fighting
 * Level 10.7 Axes
 - Level 2.4 Armour
 - Level 2.1 Dodging


You had 6 spell levels left.
You didn't know any spells.
Your spell library was empty.

Dungeon Overview and Level Annotations

Branches:
Dungeon (5/15)
 Temple: D:4-7

Altars:

Annotations:
D:3 1 runed translucent door, BlueGoblin's ghost, weakling GnTm


Innate Abilities, Weirdness & Mutations

You have a pair of horns on your head.
You reflexively headbutt those who attack you in melee.


Message History

The kobold demonologist is moderately wounded.
You barely miss the rust devil. You hit the kobold brigand.
You feel sick.
The kobold brigand hits you with a +0 short sword.
* * * LOW HITPOINT WARNING * * *
The kobold demonologist barely misses you.
You hit the kobold demonologist but do no damage.
Your headbutt misses the kobold demonologist.
The kobold demonologist is moderately wounded.
You barely miss the rust devil. You slash the kobold brigand!
You feel sick. The rust devil hits you!
* * * LOW HITPOINT WARNING * * *
The rust devil corrodes you!
The kobold brigand completely misses you.
The kobold demonologist hits you with a +0 dagger.
* * * LOW HITPOINT WARNING * * *
You hit the kobold demonologist but do no damage.
The kobold demonologist is moderately wounded.
You closely miss the kobold brigand. You barely miss the rust devil.
You feel sick. The rust devil barely misses you.
Unknown command.
You hit the kobold demonologist but do no damage.
The kobold demonologist is moderately wounded.
You barely miss the kobold brigand. You slice the rust devil!!
You kill the rust devil!
The kobold brigand closely misses you.
The kobold demonologist hits you with a +0 dagger.
* * * LOW HITPOINT WARNING * * *
A kobold comes into view.
It is wielding a +0 short sword of draining.
You barely miss the kobold demonologist.
Your headbutt misses the kobold demonologist.
The kobold demonologist is moderately wounded.
You slash the kobold brigand!
You feel sick.
The kobold demonologist looks braver for a moment.
The kobold brigand hits you with a +0 short sword.
* * * LOW HITPOINT WARNING * * *
You barely miss the kobold demonologist.
Your headbutt misses the kobold demonologist.
The kobold demonologist is moderately wounded.
You hit the kobold brigand.
You die...

.##
######...#.
##.K@)......
#...K).##...
#...###....
)...... ....
.......K..
...
..........K
..
...##....$..
. ..#
#........ ..
..........


You could see a kobold demonologist, a kobold brigand and a kobold.

Vanquished Creatures
  A kobold demonologist (D:5)
  Sigmund (D:3)
  A black bear (D:4)
  A bullfrog (D:3)
  An orc priest (D:3)
  A bullfrog skeleton (D:4)
  An orc wizard (D:4)
  A hound skeleton (D:4)
  3 adders
  2 adder skeletons (D:4)
  A worm (D:2)
  9 orcs
  8 endoplasms
  3 giant cockroaches
  5 hobgoblins
  6 jackals
  2 quokkas (D:3)
  11 ball pythons
  4 bats
  5 frilled lizards
  2 goblins
  6 kobolds
  A quokka skeleton (D:4)
  4 rats
80 creatures vanquished.

Notes
Turn   | Place    | Note
-------+----------+-------------------------------------------
     0 | D:1      | Kinoniko the Minotaur Berserker began the quest for the
                  | Orb.
     0 | D:1      | Reached XP level 1. HP: 19/19 MP: 0/0
   113 | D:1      | Reached skill level 4 in Axes
   191 | D:1      | Found a faded altar of an unknown god.
   341 | D:1      | Reached XP level 2. HP: 26/26 MP: 1/1
   748 | D:2      | Reached skill level 5 in Axes
   901 | D:2      | Reached XP level 3. HP: 31/31 MP: 2/2
   990 | D:2      | Reached ** piety under Trog
  1674 | D:3      | Noticed a bullfrog
  1682 | D:3      | Killed a bullfrog
  1683 | D:3      | Reached skill level 6 in Axes
  1683 | D:3      | Reached XP level 4. HP: 29/39 MP: 3/3
  1861 | D:3      | Reached XP level 5. HP: 43/45 MP: 4/4
  1943 | D:3      | Found a runed translucent door.
  1943 | D:3      | Noticed BlueGoblin's ghost (weakling GnTm)
  1991 | D:3      | Noticed Sigmund
  2000 | D:3      | Reached skill level 7 in Axes
  2000 | D:3      | Killed Sigmund
  2001 | D:3      | Reached skill level 8 in Axes
  2001 | D:3      | Reached XP level 6. HP: 51/51 MP: 5/5
  2652 | D:4      | Reached *** piety under Trog
  2833 | D:4      | Reached skill level 9 in Axes
  3173 | D:4      | Reached XP level 7. HP: 56/57 MP: 6/6
  3245 | D:5      | Entered Level 5 of the Dungeon
  3246 | D:5      | Noticed a kobold demonologist
  3246 | D:5      | Noticed a kobold demonologist
  3247 | D:5      | Noticed a rust devil
  3261 | D:5      | Noticed a smoke demon
  3261 | D:5      | Killed a kobold demonologist
  3262 | D:5      | Reached skill level 10 in Axes
  3267 | D:5      | HP: 1/85 [kobold brigand (4)]
  3268 | D:5      | Succumbed to a kobold brigand's poison

Illustrated notes

Levels and vault maps discovered:
D:1:      minmay_arrival_statue_studded, layout_basic,
          hellmonk_ecumenical_altar_arch_garden
D:2:      layout_basic, serial_glass, glass_columns_a, glass_columns_a
D:3:      layout_loops_ring, gammafunk_ghost_grave, kennysheep_cluttered_room,
          uniq_sigmund
D:4:      layout_loops_ring
D:5:      layout_cave_pools, minmay_temple_entry_large_hall

Skill      XL: |  1  2  3  4  5  6  7 |
---------------+----------------------+-----
Axes           | 4 5 6 8 9 10 | 10.7
Fighting       | |  3.6
Armour         | |  2.4
Dodging        | |  2.1

Action                   |  1- 3 |  4- 6 |  7- 9 || total
-------------------------+-------+-------+-------++-------
Melee: Hand axe          |    44 |       |       ||    44
       War axe           |    35 |    66 |    16 ||   117
       Headbutt          |     6 |     8 |       ||    14
Invok: Berserk           |     1 |     1 |     1 ||     3
  Use: Scroll            |       |     5 |     1 ||     6
Armor: Scale mail        |    32 |    28 |     2 ||    62
       Animal skin       |     1 |       |       ||     1
Dodge: Dodged            |    48 |    30 |    10 ||    88

Table legend: (Time is in decaauts)
 A = Elapsed time spent in this place.
 B = Non-inter-level travel time spent in this place.
 C = Inter-level travel time spent in this place.
 D = Time resting spent in this place.
 E = Time spent auto-exploring this place.
 F = Levels seen in this place.
 G = Mean time per level.
                   A        B        C        D        E       F      G
               +--------+--------+--------+--------+--------+-----+--------+
         Total |   3299 |   3205 |     94 |    270 |   2510 |   5 |  659.8 |
       Dungeon |   3299 |   3205 |     94 |    270 |   2510 |   5 |  659.8 |
               +--------+--------+--------+--------+--------+-----+--------+

Top non-repeatable levels by time:
     D:3: 1051 daAuts
     D:2: 909 daAuts
     D:1: 716 daAuts
     D:4: 605 daAuts
     D:5: 15 daAuts
